 Dungeon Crawl Stone Soup version 0.30-b1-2-g02819fbbbe (webtiles) character file.

Game seed: 7706461429280414110

401 Fartwhistle the Changer (level 6, -6/78 HPs)
             Began as a Naga Transmuter on May 25, 2023.
             Mangled by a wight
             ... wielding a +2 mace
              (8 damage)
             ... on level 7 of the Dungeon.
             The game lasted 00:08:30 (3270 turns).

Fartwhistle the Changer (Naga Transmuter)           Turns: 3270, Time: 00:08:31

Health: -6/78      AC: 23    Str: 15 (18) XL:     6   Next: 85%
Magic:  10/11      EV:  1    Int: 15      God:
Gold:   160        SH:  0    Dex: 10 (12) Spells: 8/12 levels left

rFire   + .          .
                       - Unarmed
rCold   + . .        (no shield)
rNeg    . . .        i - melded +3 leather armour {Will+}
rPois   +            d - melded +0 hat
rElec   +            (cloak currently unavailable)
rCorr   +            (gloves currently unavailable)
SInv    +            (no barding)
Will    .....        (no amulet)
Stlth   +            u - +6 ring of strength
HPRegen 0.33/turn    (no ring)
MPRegen 0.12/turn

%: no passive effects
@: mighty, tree-form, resistant
A: stationary, stasis, torment immunity, boosted hp, AC +2, large, see
invisible, (deformed body), (poison resistance), (slowness 2), spit poison 1,
(naga tail 1), (iridescent scales 1), screaming 1
a: Spit Poison


You were on level 7 of the Dungeon.
You were a tree.
You visited 1 branch of the dungeon, and saw 5 of its levels.

You collected 160 gold pieces.

Inventory:

Missiles
 p - 5 poisoned darts
 q - 3 boomerangs
Armour
 a - a +0 robe
 d - a +0 hat (melded)
 i - a +3 leather armour of willpower (melded)
Jewellery
 u - a +6 ring of strength (left branch)
Wands
 r - a wand of charming (10)
Scrolls
 f - 2 scrolls of enchant armour
 j - 2 scrolls of teleportation
 v - a scroll of noise {unknown}
Potions
 c - a potion of degeneration
 x - a potion of attraction {unknown}


   Skills:
 + Level 2.2 Fighting
 - Level 1.5 Dodging
 - Level 3.0 Unarmed Combat
 + Level 3.5 Spellcasting
 * Level 5.1 Transmutations
 + Level 3.1 Poison Magic


You had 8 spell levels left.
You knew the following spells:

 Your Spells              Type           Power      Damage    Failure   Level
a - Beastly Appendage     Tmut           36%        N/A       2%          1
b - Spider Form           Tmut/Pois      15%        N/A       11%         3

Your spell library contained the following spells:

 Spells                   Type           Power      Damage    Failure   Level
 Wereblood                Tmut           18%        N/A       3%          2
 Magic Dart               Conj           8%         1d3       19%         1
 Searing Ray              Conj           4%         2d4       28%         2
 Static Discharge         Conj/Air       4%         2-3/arc   28%         2
 Ice Form                 Ice/Tmut       10%        N/A       54%         4
 Airstrike                Air            1%         2d(1-17)  88%         4
 Fulminant Prism          Conj/Hex       1%         3d5       88%         4
 Summon Lightning Spire   Summ/Air       2%         N/A       88%         4


Dungeon Overview and Level Annotations

Branches:
Dungeon (4/15)
 Temple: D:4-7

Altars:


Innate Abilities, Weirdness & Mutations

You are a tree.
Your roots penetrate the ground, keeping you stationary.
You cannot be teleported.
You are immune to unholy pain and torment.
Your maximum health is greatly increased.
Your equipment is partially melded.
((Your serpentine skin is tough. (AC +2)))
You have supernaturally acute eyesight. (SInv)
((Armour fits poorly on your strangely shaped body.))
((Your system is resistant to poisons. (rPois)))
((You cover ground very slowly.))
You can spit poison.
((You have a snake-like lower body.))
((You are partially covered in iridescent scales. (AC +2)))
You occasionally shout uncontrollably at your foes.


Message History

* * * LOW HITPOINT WARNING * * *
You hit the sky beast.
You kill the sky beast!
The hound bites you but does no damage. The orc hits you but does no damage.
You feel your intelligence returning.
Your Transmutations skill increases to level 5!
Your Poison Magic skill increases to level 3!
Unknown command.
You hit the orc.
The orc is moderately wounded.
The hound bites you but does no damage. The orc hits you but does no damage.
The orc hits you with a +0 hand axe.
* * * LOW HITPOINT WARNING * * *
A steam dragon comes into view.
You creak at the steam dragon!
You hear a shout!
The steam dragon hisses angrily.
You barely miss the orc.
The orc is moderately wounded.
You hear a shout!
The hound bites you but does no damage. The orc hits you but does no damage. x2
The hound bites you but does no damage.
Unknown command.
You hit the orc.
You kill the orc!
The hound bites you but does no damage. The orc hits you with a +0 hand axe.
* * * LOW HITPOINT WARNING * * *
Unknown command.
You hit the wight but do no damage. The hound bites you but does no damage.
The orc hits you but does no damage. The wight hits you but does no damage.
The hound bites you.
* * * LOW HITPOINT WARNING * * *
Unknown command.
You hit the wight but do no damage. The hound bites you but does no damage.
The orc hits you but does no damage. The wight hits you with a +2 mace!
* * * LOW HITPOINT WARNING * * *
Unknown command.
It was a potion of might.
You feel very mighty all of a sudden. The hound bites you but does no damage.
The wight hits you with a +2 mace!
You die...

#.# #.....[### *,,...,,,,,,, #.#
#........# *,....,,,***,
###.######......#)##*.z...,,** *,
.........####)###.z#......,,****,
.........####)####.s......,,*,,,,
.........[.......#........,,*,,,,
................z#.#..(...,,*,,,,
...>..........Dho#........,,*,,,,
#.####..#.....sz♣#..##.#..,,,,,,,
#.# ##..##)######..#,.#*#*,,,,,,
#.# **......#,,,,....,*# ***,,,,
*.#**........,,,,.!.?** *,,>*
*.#*..........,,,,,,,* ***,,
*.#*,,.....,,,,,,,,,,* *,*
*,**,,....,,,,,,,,,,** *,*
*,**,,,,,,,,,,,,,,,,* *,,
*,**,,,,,,,,,,,,,,,,* *,,


You could see a steam dragon, a scorpion, a hound, 2 wights and an orc.

Vanquished Creatures
  A sky beast (D:7)
  A centaur (D:7)
  2 wights (D:7)
  A hound (D:4)
  2 adders
  A worm (D:2)
  9 orcs
  7 bats
  5 endoplasms
  2 goblins
  6 hobgoblins
  8 jackals
  6 kobolds
  A quokka (D:4)
  6 ball pythons
  5 frilled lizards
  9 rats
72 creatures vanquished.

Notes
Turn   | Place    | Note
-------+----------+-------------------------------------------
     0 | D:1      | Fartwhistle the Naga Transmuter began the quest for the
                  | Orb.
     0 | D:1      | Reached XP level 1. HP: 18/18 MP: 3/3
   184 | D:1      | Found a faded altar of an unknown god.
   196 | D:1      | Reached XP level 2. HP: 22/25 MP: 5/5
   576 | D:1      | Reached skill level 3 in Transmutations
   579 | D:1      | Reached XP level 3. HP: 21/31 MP: 6/6
  1628 | D:2      | Learned a level 3 spell: Spider Form
  2149 | D:3      | Reached XP level 4. HP: 38/38 MP: 8/8
  2711 | D:4      | Reached skill level 1 in Poison Magic
  2780 | D:4      | Reached skill level 4 in Transmutations
  2937 | D:4      | Reached XP level 5. HP: 40/44 MP: 9/9
  2996 | D:4      | You fall into a shaft and drop 3 floors!
  3191 | D:7      | Noticed a centaur
  3202 | D:7      | Killed a centaur
  3225 | D:7      | Noticed a sky beast
  3233 | D:7      | Gained mutation: You occasionally shout uncontrollably at
                  | your foes. [potion of mutation]
  3233 | D:7      | Gained mutation: You are partially covered in iridescent
                  | scales. (AC +2) [potion of mutation]
  3250 | D:7      | Reached XP level 6. HP: 36/51 MP: 8/11
  3264 | D:7      | Killed a sky beast
  3265 | D:7      | Reached skill level 5 in Transmutations
  3265 | D:7      | Noticed a steam dragon
  3269 | D:7      | HP: 2/78 [wight/+2 mace (8)]
  3270 | D:7      | Mangled by a wight

Illustrated notes

Levels and vault maps discovered:
D:1:      wheals_arrival_linesprint, layout_loops_cross,
          ebering_ecumenical_altar_webs, minmay_tromino_v4_b
D:2:      layout_rooms, wander_ebering_terrifying_dragon_lair
D:3:      layout_loops_ring, dreamdust_princess_corridor
D:4:      layout_loops_cross, roderic_nine_men_s_morris
D:7:      layout_rooms

Skill      XL: |  1  2  3  4  5  6 |
---------------+-------------------+-----
Transmutations | 3 4 5 |  5.1
Poison Magic   | 1 2 3 |  3.1
Spellcasting   | 3 |  3.5
Fighting       | 2 |  2.2
Dodging        | |  1.5
Unarmed Combat | |  3.0

Action                     |  1- 3 |  4- 6 || total
---------------------------+-------+-------++-------
  Melee: Unarmed           |   203 |   107 ||   310
         Headbutt          |     5 |     8 ||    13
         Punch             |       |     2 ||     2
   Cast: Beastly Appendage |     4 |     3 ||     7
         Spider Form       |       |     1 ||     1
    Use: Scroll            |       |     9 ||     9
         Potion            |       |     7 ||     7
   Stab: Sleeping          |     2 |       ||     2
 Armour: Robe              |    17 |       ||    17
         Leather armour    |    56 |    40 ||    96
         Skin              |       |    41 ||    41
  Dodge: Dodged            |   103 |    63 ||   166
